 Dungeon Crawl Stone Soup version 0.30.1-4-g462c640d31 (webtiles) character file.

Game seed: 9025694147149723790

27 sunglassesatnite the Cudgeller (level 2, -1/27 HPs)
             Began as a Minotaur Berserker on Aug 30, 2023.
             Was a Follower of Trog.
             Succumbed to an adder's poison
             ... on level 2 of the Dungeon.
             The game lasted 00:04:11 (847 turns).

sunglassesatnite the Cudgeller (Minotaur Berserker)  Turns: 847, Time: 00:04:12

Health: -1/27      AC:  2    Str: 27    XL:     2   Next: 93%
Magic:  1/1        EV: 12    Int:  4    God:    Trog [*.....]
Gold:   113        SH:  0    Dex:  9    Spells: 1/1 levels left

rFire   . . .        f - +1 war axe (heavy)
rCold   . . .        (no shield)
rNeg    . . .        b - +0 animal skin
rPois   .            (helmet restricted)
rElec   .            (no cloak)
rCorr   .            (no gloves)
SInv    .            (no boots)
Will    .....        (no amulet)
Stlth   +            d - +6 ring of strength
HPRegen 0.24/turn    (no ring)
MPRegen 0.07/turn

%: no passive effects
@: lethally poisoned (-1 -> -11), on berserk cooldown, slowed, very slow
A: horns 2, retaliatory headbutt
a: Renounce Religion, Berserk


You were on level 2 of the Dungeon.
You worshipped Trog.
Trog was aware of your devotion.
You visited 1 branch of the dungeon, and saw 2 of its levels.

You collected 113 gold pieces.

Inventory:

Hand Weapons
 a - a +1 mace
 f - a +1 heavy war axe (weapon)
Missiles
 e - 4 boomerangs (quivered)
Armour
 b - a +0 animal skin (worn)
Jewellery
 d - a +6 ring of strength (left hand)
Potions
 c - a potion of attraction
 g - a potion of flight {unknown}
 h - a potion of brilliance {unknown}
 i - a potion of degeneration {unknown}


   Skills:
 + Level 3.9 Fighting
 * Level 1.0(2.7) Axes
 - Level 4.0(4.1) Maces & Flails
 + Level 2.8 Armour
 + Level 2.6 Dodging


You had one spell level left.
You didn't know any spells.
Your spell library was empty.

Dungeon Overview and Level Annotations

Branches:
Dungeon (2/15)

Altars:

Shops:
D:2 [


Innate Abilities, Weirdness & Mutations

You have a pair of horns on your head.
You reflexively headbutt those who attack you in melee.


Message History

Trog accepts your kill.
You slice the goblin!!
You kill the goblin!
Trog accepts your kill.
Your base Axes skill increases to level 1!
You start resting.
You feel a strong urge to attack something.
You start resting.
You feel your anger nearly subside.
You are no longer berserk.
You are exhausted.
You feel yourself slow down.
You start resting.
An adder comes into view.
An adder is nearby!
An adder is nearby!
An adder is nearby!
The adder hisses angrily.
The adder closely misses you. The adder bites you.
You closely miss the adder. Your headbutt misses the adder.
The adder bites you.
You are poisoned.
The adder poisons you! The adder bites you.
You are more poisoned.
The adder poisons you! The adder bites you. The adder barely misses you.
You furiously retaliate!
You headbutt the adder. You closely miss the adder.
Your headbutt misses the adder.
The adder is lightly wounded.
* * * LOW HITPOINT WARNING * * *
You feel very sick. The adder bites you.
* * * LOW HITPOINT WARNING * * *
The adder bites you.
* * * LOW HITPOINT WARNING * * *
You are more poisoned.
The adder poisons you! The adder closely misses you. You furiously retaliate!
You headbutt the adder! The adder completely misses you.
You slice the adder!!
You kill the adder!
Trog accepts your kill.
You die...

.# #. # #.#.#
#.#.#. ..#..#
#..#.. #....#
#....# #.....
.....# #
#.....##.....#
#.#....#:)#....#..#
#..#..#...@#..#...#
#.#.#..†...#.#...#
#..#..).)...#....#
#..##....##.....
##...####.......
###.......####
#####...# #......#
#.####.#


There were no monsters in sight!

Vanquished Creatures
  An adder (D:2)
  A dart slug (D:1)
  3 endoplasms
  3 giant cockroaches
  3 goblins
  2 hobgoblins (D:2)
  2 quokkas (D:1)
  2 ball pythons (D:1)
  A bat (D:2)
  3 frilled lizards
  2 rats (D:1)
23 creatures vanquished.

Notes
Turn   | Place    | Note
-------+----------+-------------------------------------------
     0 | D:1      | sunglassesatnite the Minotaur Berserker began the quest for
                  | the Orb.
     0 | D:1      | Reached XP level 1. HP: 19/19 MP: 0/0
   185 | D:1      | Reached XP level 2. HP: 27/27 MP: 1/1
   370 | D:1      | Reached skill level 4 in Maces & Flails
   750 | D:2      | Found Wiybb's Armour Shop.
   837 | D:2      | Reached skill level 1 in Axes
   847 | D:2      | Succumbed to an adder's poison

Illustrated notes

Levels and vault maps discovered:
D:1:      saegor_arrival_simple_c, layout_basic, hangedman_abyss_or_decor_stabs,
          grunt_decor_one_mirror
D:2:      layout_loops_ring, serial_shops, shop, minmay_circled_x

Skill      XL: |  1  2 |
---------------+-------+-----
Maces & Flails | 4 |  4.0
Axes           | 1 |  1.0
Fighting       | |  3.9
Armour         | |  2.8
Dodging        | |  2.6

Action                     || total
---------------------------++-------
  Melee: Mace              ||    15
         War axe           ||    13
 Invoke: Berserk           ||     1
    Use: Scroll            ||     4
 Armour: Animal skin       ||     6
  Dodge: Dodged            ||    22
